 Dungeon Sprint DCSS version 0.17-a0-1685-g57e755e (webtiles) character file.

15766 Kidiri the Unseen (level 12, -29/50 (51) HPs)
             Began as a Spriggan Enchanter on Aug 19, 2015.
             Was the Champion of Dithmenos.
             Killed from afar by a greater naga (54 damage)
             ... with a poison arrow
             ... in the Dungeon (Sprint III: "The Ten Rune Challenge").
             The game lasted 00:13:58 (2940 turns).

Kidiri the Unseen (Spriggan Enchanter)              Turns: 2940, Time: 00:13:58

HP:   -29/50 (51)   AC:  3    Str:  4    XL:     12   Next: 4%
MP:   14/32         EV: 34    Int: 19    God:    Dithmenos [******]
Gold: 25            SH:  0    Dex: 19    Spells: 11 memorised, 14 levels left

rFire  . . .     SeeInvis +     a - +2 dagger
rCold  . . .     Clarity  .     m - +1 robe {MR+}
rNeg   . . .     SustAt   .     (shield restricted)
rPois  .         Gourm    .     (helmet restricted)
rElec  .         Spirit   .     (no cloak)
rCorr  .         Warding  .     (gloves unavailable)
rMut   .         NoTele   +     (boots unavailable)
MR     +++..                    (no amulet)
Stlth  ++++++++++               (no ring)
                                (no ring)

@: lethally poisoned (-29 -> -50), shrouded, wreathed by umbra, very quick,
extremely resistant to hostile enchantments, uncannily stealthy
A: unfitting armour, see invisible, herbivore 3, speed 3, slow metabolism 2
a: Shadow Step, Shadow Form, Renounce Religion


You were in the Dungeon.
You worshipped Dithmenos.
Dithmenos was exalted by your worship.
You were full.

You visited 1 branch You collected 25 gold pieces.

Inventory:

Hand weapons
 a - a +2 dagger (weapon)
Armour
 m - a +1 robe of magic resistance (worn)
Magical devices
 l - a wand of frost (13)
Scrolls
 j - a scroll of blinking
 n - a scroll of amnesia
 p - a scroll of holy word
Potions
 e - a potion of curing
 f - a potion of heal wounds
 g - 2 potions of haste
 h - a potion of magic
 i - 2 potions of berserk rage
 k - a potion of might
 o - 3 potions of cure mutation
 s - 2 potions of flight
Comestibles
 d - a bread ration
 r - 28 royal jellies


   Skills:
 + Level 10.2 Short Blades
 * Level 17.6 Dodging
 * Level 19.2 Stealth
 * Level 15.1 Spellcasting
 + Level 6.7 Conjurations
 + Level 11.7 Hexes
 + Level 11.1 Charms
 + Level 11.0 Translocations
 + Level 7.5 Ice Magic
 - Level 3.9 Invocations


You had 14 spell levels left.
You knew the following spells:

 Your Spells              Type           Power        Failure   Level  Hunger
a - Corona                Hex            ######.      1%          1    None
b - Ensorcelled Hibernat  Hex/Ice        ######       1%          2    None
c - Confuse               Hex            ######..     1%          3    None
d - Tukima's Dance        Hex            ######..     1%          3    None
e - Dazzling Spray        Conj/Hex       #####...     1%          3    None
f - Apportation           Tloc           ######....   1%          1    None
g - Blink                 Tloc           N/A          1%          2    None
h - Shroud of Golubria    Chrm/Tloc      ######....   1%          2    None
i - Portal Projectile     Tloc           ######       1%          3    None
j - Teleport Other        Tloc           ######..     1%          3    None
k - Passage of Golubria   Tloc           N/A          1%          4    None


Dungeon Overview and Level Annotations

Branches:
Dungeon (1/1)

Altars:
Cheibriados
Dithmenos
Elyvilon
Fedhas
Gozag
Kikubaaqudgha
Makhleb
Nemelex Xobeh
Okawaru
Qazlal
Ru
Sif Muna
Trog
Vehumet
Xom
Yredelemnul
Zin
The Shining One
Jiyva
Lugonu

Shops:
D ?=


Innate Abilities, Weirdness & Mutations

You are tiny and cannot use many weapons and most armour.
You have supernaturally acute eyesight.
You are a herbivore.
You cover ground extremely quickly.
You need consume almost no food.


Message History

Your war axe falls from the air.
You feel sick. The greater naga casts a spell at you.
The poison arrow misses you.
Casting: Tukima's Dance
Confirm with . or Enter, or press ? or * to list all spells.
Aiming: Dazzling Spray
Press: ? - help, Shift-Dir - straight line, f/p - greater naga
Aim: a greater naga, wielding a spear and wearing a robe (lightly wounded, fast, catching its breath, umbra)
Okay, then.
Unknown command.
Casting: Dazzling Spray
Confirm with . or Enter, or press ? or * to list all spells.
Space distorts slightly along a thin shroud covering your body.
You feel sick.
The greater naga gestures at you while chanting.
The poison arrow hits you!
You are more poisoned.
Ouch! That really hurt!
You die...

#..........%.#
###########..#
##....%......#
#......%.%%.##
#..##########
#....%%.....##
##....%......#
##########..#
##..N...@....#
#∩..N)......##
#∩.##########
#


You could see a naga warrior and a greater naga.

Vanquished Creatures
  Maud (D)
  Josephine (D)
  2 hydras (D)
  A centaur warrior (D)
  4 anacondas (D)
  A death drake (D)
  An unseen horror (D)
  A lindwurm (D)
  3 black mambas (D)
  2 spiny frogs (D)
  A komodo dragon (D)
  3 wandering mushrooms (D)
  A queen bee (D)
  A deep elf priest (D)
  A shadow (D)
  3 redbacks (D)
  A spatial vortex (D)
  2 nagas (D)
  14 water moccasins (D)
  A necrophage (D)
  2 centaurs (D)
  An earth elemental (D)
  2 brain worms (D)
  A water elemental (D)
  A scorpion (D)
  32 killer bees (D)
  An electric eel (D)
  A jelly (D)
  Jessica (D)
  A wizard (D)
  A necromancer (D)
  3 humans (D)
  A kobold demonologist (D)
  3 adders (D)
  3 rats (D)
99 creatures vanquished.

Vanquished Creatures (others)
  2 draconian scorchers (D)
  A dancing weapon (D)
  2 yaktaurs (D)
5 creatures vanquished.

Grand Total: 104 creatures vanquished

Notes
Turn   | Place    | Note
--------------------------------------------------------------
     0 | D        | Kidiri the Spriggan Enchanter began the quest for the Orb.
     0 | D        | Reached XP level 1. HP: 9/9 MP: 5/5
    17 | D        | Noticed Jessica
    36 | D        | Killed Jessica
    36 | D        | Reached skill level 5 in Dodging
    36 | D        | Reached skill level 6 in Stealth
    36 | D        | Reached XP level 2. HP: 4/13 MP: 5/8
    41 | D        | Learned a level 2 spell: Ensorcelled Hibernation
    60 | D        | Killed a yaktaur
   246 | D        | Killed a white draconian scorcher
   263 | D        | Killed a white draconian scorcher
   283 | D        | Reached skill level 7 in Stealth
   283 | D        | Reached XP level 3. HP: 13/16 MP: 1/10
   357 | D        | Learned a level 3 spell: Confuse
   361 | D        | Learned a level 3 spell: Tukima's Dance
   371 | D        | Noticed a scorpion
   383 | D        | Killed a scorpion
   383 | D        | Reached skill level 8 in Stealth
   383 | D        | Reached skill level 5 in Spellcasting
   383 | D        | Reached skill level 5 in Hexes
   383 | D        | Reached skill level 1 in Ice Magic
   383 | D        | Reached XP level 4. HP: 21/21 MP: 6/12
   388 | D        | Learned a level 3 spell: Dazzling Spray
   406 | D        | Gained mutation: You expend magic power (3 MP) to strengthen your wands. [potion of mutation]
   406 | D        | Gained mutation: Your flesh is cold resistant. [potion of mutation]
   406 | D        | Gained mutation: You possess an exceptional clarity of mind. [potion of mutation]
   407 | D        | Gained mutation: You are covered in fur (AC +1). [potion of mutation]
   407 | D        | Lost mutation: Your flesh is cold resistant. [potion of mutation]
   407 | D        | Gained mutation: You passively map a small area around you. [potion of mutation]
   408 | D        | Gained mutation: You can spit weak poison. [potion of mutation]
   408 | D        | Gained mutation: You are dopey. (Int -2) [potion of mutation]
   409 | D        | Lost mutation: You are covered in fur (AC +1). [potion of cure mutation]
   409 | D        | Lost mutation: You expend magic power (3 MP) to strengthen your wands. [potion of cure mutation]
   409 | D        | Lost mutation: You possess an exceptional clarity of mind. [potion of cure mutation]
   410 | D        | Lost mutation: You are dopey. (Int -2) [potion of cure mutation]
   410 | D        | Lost mutation: You passively map a small area around you. [potion of cure mutation]
   410 | D        | Lost mutation: You can spit weak poison. [potion of cure mutation]
   541 | D        | Noticed a water elemental
   543 | D        | Killed a water elemental
   543 | D        | Reached skill level 9 in Stealth
   543 | D        | Reached XP level 5. HP: 24/24 MP: 12/14
   561 | D        | Noticed a jelly
   562 | D        | Noticed a shadow
   564 | D        | Killed a shadow
   564 | D        | Reached skill level 10 in Stealth
   564 | D        | Reached XP level 6. HP: 28/28 MP: 14/17
   567 | D        | Killed a jelly
   618 | D        | Found a stormy altar of Qazlal.
   618 | D        | Noticed a spatial vortex
   619 | D        | Found a sacrificial altar of Ru.
   619 | D        | Found a burning altar of Makhleb.
   619 | D        | Found a viscous altar of Jiyva.
   619 | D        | Found a shimmering altar of Xom.
   619 | D        | Found a shadowy altar of Dithmenos.
   619 | D        | Found a sparkling altar of Nemelex Xobeh.
   619 | D        | Found a corrupted altar of Lugonu.
   619 | D        | Found an opulent altar of Gozag.
   623 | D        | Became a worshipper of Dithmenos the Shadowed
   774 | D        | Killed a yaktaur
   940 | D        | Killed a spatial vortex
   940 | D        | Reached skill level 5 in Short Blades
   940 | D        | Reached skill level 10 in Dodging
   940 | D        | Reached skill level 11 in Stealth
   940 | D        | Reached skill level 1 in Invocations
  1185 | D        | Found a radiant altar of Vehumet.
  1186 | D        | Found a deep blue altar of Sif Muna.
  1186 | D        | Found an ancient bone altar of Kikubaaqudgha.
  1186 | D        | Noticed a wizard
  1187 | D        | Killed a wizard
  1195 | D        | Learned a level 1 spell: Apportation
  1198 | D        | Learned a level 2 spell: Blink
  1201 | D        | Learned a level 2 spell: Shroud of Golubria
  1205 | D        | Learned a level 3 spell: Portal Projectile
  1215 | D        | Found a glowing silver altar of Zin.
  1216 | D        | Found a glowing golden altar of the Shining One.
  1216 | D        | Found a white marble altar of Elyvilon.
  1216 | D        | Noticed a deep elf priest
  1218 | D        | Killed a deep elf priest
  1218 | D        | Reached skill level 12 in Stealth
  1218 | D        | Reached XP level 7. HP: 32/32 MP: 18/20
  1230 | D        | Found an iron altar of Okawaru.
  1231 | D        | Found a bloodstained altar of Trog.
  1231 | D        | Noticed a human
  1231 | D        | Noticed a human
  1233 | D        | Killed a human
  1234 | D        | Killed a human
  1234 | D        | Reached XP level 8. HP: 36/36 MP: 20/22
  1353 | D        | Learned a level 3 spell: Teleport Other
  1353 | D        | Found a snail-covered altar of Cheibriados.
  1353 | D        | Noticed a necrophage
  1354 | D        | Found a basalt altar of Yredelemnul.
  1354 | D        | Found a blossoming altar of Fedhas.
  1354 | D        | Noticed a necromancer
  1357 | D        | Killed a necromancer
  1357 | D        | Acquired Dithmenos's first power
  1360 | D        | Killed a necrophage
  1468 | D        | Noticed Josephine
  1484 | D        | Killed Josephine
  1484 | D        | Reached skill level 13 in Stealth
  1484 | D        | Reached skill level 10 in Spellcasting
  1484 | D        | Reached skill level 5 in Translocations
  1574 | D        | Learned a level 4 spell: Passage of Golubria
  1580 | D        | Noticed an earth elemental
  1583 | D        | Killed an earth elemental
  1583 | D        | Reached skill level 5 in Charms
  1588 | D        | Noticed a centaur
  1588 | D        | Noticed a centaur warrior
  1588 | D        | Noticed a centaur
  1590 | D        | Killed a centaur
  1590 | D        | Reached XP level 9. HP: 38/38 MP: 24/24
  1592 | D        | Killed a centaur warrior
  1592 | D        | Acquired Dithmenos's second power
  1592 | D        | Reached skill level 14 in Stealth
  1593 | D        | Killed a centaur
  1593 | D        | Reached skill level 5 in Ice Magic
  1607 | D        | Noticed an unseen horror
  1614 | D        | Killed an unseen horror
  1683 | D        | Noticed a killer bee
  1683 | D        | Noticed a killer bee
  1683 | D        | Noticed a killer bee
  1683 | D        | Noticed a killer bee
  1683 | D        | Noticed a killer bee
  1683 | D        | Noticed a killer bee
  1683 | D        | Noticed a killer bee
  1683 | D        | Noticed a killer bee
  1683 | D        | Noticed a killer bee
  1683 | D        | Noticed a killer bee
  1683 | D        | Noticed a killer bee
  1683 | D        | Noticed a killer bee
  1683 | D        | Noticed a queen bee
  1683 | D        | Noticed a killer bee
  1683 | D        | Noticed a killer bee
  1684 | D        | Noticed a killer bee
  1684 | D        | Noticed a killer bee
  1684 | D        | Noticed a killer bee
  1684 | D        | Noticed a killer bee
  1684 | D        | Noticed a killer bee
  1684 | D        | Noticed a killer bee
  1684 | D        | Noticed a killer bee
  1684 | D        | Noticed a killer bee
  1684 | D        | Noticed a killer bee
  1684 | D        | Noticed a killer bee
  1684 | D        | Noticed a killer bee
  1684 | D        | Noticed a killer bee
  1684 | D        | Noticed a killer bee
  1684 | D        | Noticed a killer bee
  1684 | D        | Noticed a killer bee
  1684 | D        | Noticed a killer bee
  1684 | D        | Noticed a killer bee
  1684 | D        | Noticed a killer bee
  1685 | D        | Killed a killer bee
  1686 | D        | Killed a killer bee
  1688 | D        | Killed a killer bee
  1688 | D        | Acquired Dithmenos's third power
  1693 | D        | Killed a killer bee
  1695 | D        | Killed a killer bee
  1695 | D        | Reached skill level 15 in Stealth
  1697 | D        | Killed a killer bee
  1700 | D        | Killed a killer bee
  1702 | D        | Killed a killer bee
  1704 | D        | Killed a killer bee
  1708 | D        | Killed a killer bee
  1708 | D        | Acquired Dithmenos's fourth power
  1710 | D        | Killed a killer bee
  1712 | D        | Killed a killer bee
  1714 | D        | Killed a killer bee
  1846 | D        | Killed a killer bee
  1850 | D        | Killed a killer bee
  1853 | D        | Killed a killer bee
  1853 | D        | Reached XP level 10. HP: 43/43 MP: 18/26
  1856 | D        | Killed a killer bee
  1858 | D        | Killed a killer bee
  1860 | D        | Killed a killer bee
  1862 | D        | Killed a killer bee
  1865 | D        | Killed a killer bee
  1868 | D        | Killed a killer bee
  1877 | D        | Killed a killer bee
  1889 | D        | Killed a killer bee
  2132 | D        | Killed a killer bee
  2135 | D        | Killed a killer bee
  2138 | D        | Killed a killer bee
  2140 | D        | Killed a killer bee
  2142 | D        | Killed a killer bee
  2144 | D        | Killed a killer bee
  2146 | D        | Killed a killer bee
  2149 | D        | Killed a queen bee
  2149 | D        | Reached skill level 16 in Stealth
  2152 | D        | Killed a killer bee
  2286 | D        | Noticed a wandering mushroom
  2287 | D        | Noticed a wandering mushroom
  2287 | D        | Noticed a wandering mushroom
  2288 | D        | Killed a wandering mushroom
  2288 | D        | Reached skill level 5 in Conjurations
  2290 | D        | Killed a wandering mushroom
  2291 | D        | Killed a wandering mushroom
  2342 | D        | Noticed a spiny frog
  2342 | D        | Noticed a komodo dragon
  2342 | D        | Noticed a spiny frog
  2347 | D        | Killed a spiny frog
  2350 | D        | Killed a komodo dragon
  2350 | D        | Reached skill level 15 in Dodging
  2353 | D        | Killed a spiny frog
  2353 | D        | Reached skill level 10 in Hexes
  2397 | D        | Noticed a redback
  2399 | D        | Killed a redback
  2400 | D        | Noticed a brain worm
  2403 | D        | Killed a brain worm
  2408 | D        | Noticed a brain worm
  2410 | D        | Killed a brain worm
  2416 | D        | Noticed a lindwurm
  2418 | D        | Noticed a redback
  2419 | D        | Killed a lindwurm
  2425 | D        | Killed a redback
  2425 | D        | Reached skill level 17 in Stealth
  2475 | D        | Noticed a redback
  2476 | D        | Killed a redback
  2477 | D        | Noticed Maud
  2479 | D        | Killed Maud
  2479 | D        | Reached XP level 11. HP: 46/46 MP: 29/29
  2485 | D        | Noticed an electric eel
  2486 | D        | Noticed a five-headed hydra
  2486 | D        | Noticed an eight-headed hydra
  2488 | D        | Killed an electric eel
  2490 | D        | Killed a five-headed hydra
  2491 | D        | Killed an eight-headed hydra
  2530 | D        | Noticed a death drake
  2533 | D        | Killed a death drake
  2533 | D        | Reached skill level 18 in Stealth
  2537 | D        | Noticed an anaconda
  2537 | D        | Noticed a water moccasin
  2538 | D        | Noticed a water moccasin
  2539 | D        | Killed a water moccasin
  2539 | D        | Reached skill level 10 in Charms
  2543 | D        | Killed an anaconda
  2543 | D        | Reached skill level 10 in Translocations
  2546 | D        | Killed a water moccasin
  2563 | D        | Noticed a black mamba
  2563 | D        | Noticed a black mamba
  2563 | D        | Noticed a water moccasin
  2563 | D        | Noticed a water moccasin
  2563 | D        | Noticed a water moccasin
  2563 | D        | Noticed a water moccasin
  2563 | D        | Noticed a water moccasin
  2563 | D        | Noticed a water moccasin
  2564 | D        | Noticed a water moccasin
  2567 | D        | Killed a water moccasin
  2570 | D        | Killed a water moccasin
  2579 | D        | Killed a water moccasin
  2582 | D        | Killed a water moccasin
  2597 | D        | Killed a water moccasin
  2604 | D        | Killed a black mamba
  2606 | D        | Killed a black mamba
  2760 | D        | Killed a water moccasin
  2764 | D        | Killed a water moccasin
  2798 | D        | Noticed an anaconda
  2798 | D        | Noticed a water moccasin
  2798 | D        | Noticed a water moccasin
  2798 | D        | Noticed an anaconda
  2798 | D        | Noticed a water moccasin
  2798 | D        | Noticed a water moccasin
  2798 | D        | Noticed a water moccasin
  2798 | D        | Noticed an anaconda
  2799 | D        | Noticed a black mamba
  2800 | D        | Killed an anaconda
  2801 | D        | Killed a water moccasin
  2802 | D        | Killed a water moccasin
  2809 | D        | Killed an anaconda
  2809 | D        | Reached skill level 10 in Short Blades
  2812 | D        | Killed an anaconda
  2812 | D        | Reached skill level 19 in Stealth
  2812 | D        | Reached skill level 15 in Spellcasting
  2815 | D        | Killed a black mamba
  2817 | D        | Killed a water moccasin
  2817 | D        | Reached XP level 12. HP: 33/50 MP: 16/32
  2820 | D        | Killed a water moccasin
  2822 | D        | Killed a water moccasin
  2928 | D        | Noticed a naga
  2928 | D        | Noticed a naga
  2929 | D        | Noticed a naga warrior
  2929 | D        | Noticed a greater naga
  2929 | D        | Found Heghuoxt's Magic Scroll Shop.
  2929 | D        | Found Qusmeoch's Jewellery Shoppe.
  2930 | D        | Killed a naga
  2932 | D        | Killed a naga
  2940 | D        | Killed from afar by a greater naga

Vault maps used:
D:        dungeon_sprint_mu

Action                   |  1- 3 |  4- 6 |  7- 9 | 10-12 || total
-------------------------+-------+-------+-------+-------++-------
Melee: Dagger            |    22 |    11 |    34 |    90 ||   157
 Cast: Corona            |     2 |       |       |       ||     2
       Ensorcelled Hiber |     3 |     2 |    18 |    44 ||    67
       Dazzling Spray    |       |     8 |    11 |     7 ||    26
       Confuse           |       |       |     2 |       ||     2
       Tukima's Dance    |       |       |       |     4 ||     4
       Shroud of Golubri |       |       |       |     1 ||     1
Invok: Shadow Step       |       |       |       |     9 ||     9
  Use: Potion            |       |     6 |       |       ||     6
       Scroll            |       |     4 |       |       ||     4
 Stab: Sleeping          |     2 |     6 |    22 |    52 ||    82
       Invisible         |       |       |     1 |     2 ||     3
       Confused          |       |       |     1 |       ||     1
  Eat: Bread ration      |       |       |       |     1 ||     1
